AoeStats
← Suyash

Arabia

504691921Analyzed
1v1 RM · 27d ago on Sep 6, 2026· 15m 14s· 2 players
Game mode
Random Map
Map size
Tiny (2 player)
Population
200
Speed
Normal
Resources
Standard
Victory
Conquest
Starting age
Dark Age
Ending age
Imperial Age
RankedLock teamsTeams togetherTeam positionsShared explorationLock speedFull tech treeHidden civsTurbo modeCheats
Victory
Defeat
🇩🇪 Burmese · Germany
1183
+16
🇮🇳 Persians · India
1180
-16
Suyash
7:03 Loom
9:57 Feudal Age
10:19 Double-Bit Axe
9:59 Man-at-Arms
13:19 Horse Collar
14:35 Town Watch
Minox917
8:02 Loom
10:38 Feudal Age
Connection lost

Rejoining the realm…

Still unreachable

The connection could not be restored.

Session expired

The server has moved on; the page needs a fresh start.